Map: Bridgehead LE (Void)

Players

cjb - Winner!

  • Race: Zerg Zerg
  • League: Grandmaster

wabbajack

  • Race: Terran Terran
  • League: Grandmaster

VOD

Have the link to the VOD?

Description

Time

  • Played on: July 14, 2015, 10:25 a.m.
  • Length: 4:39
Show
View Real Time Build Order
Export as new Build Order

cjb Zerg - Winner!

Build Orders: Pool First, Zergling Baneling 

Get SALT Encoding   

  12  0:02  Drone  
  13  0:13  Overlord  
  13  0:18  Drone  
  14  0:23  Extractor  
  14  0:24  Extractor  
  14  0:26  Drone  
  13  0:30  Drone  
  14  0:49  Spawning Pool  
  13  1:24  Hatchery  
  12  1:32  Drone  
  13  1:33  Drone  
  14  1:42  Drone  
  15  1:51  Queen  
  17  2:00  Zergling x2  
  19  2:01  Zergling x2  
  19  2:06  Metabolic Boost  
  19  2:10  Zergling x2  
  20  2:17  Overlord  
  20  2:29  Baneling Nest  
  19  2:39  Queen  
  21  2:50  Drone x2  
  23  2:53  Drone  
  23  2:58  Drone  
  25  3:08  Zergling x2  
  25  3:09  Zergling x2  
  25  3:11  Zergling x2  
  28  3:15  Zergling x2  
  28  3:19  Zergling x2  
  30  3:21  Zergling x2  
  30  3:25  Zergling x2  
  32  3:28  Zergling x2  
  33  3:34  Drone  
  34  3:47  Drone  
  35  3:56  Baneling  
  35  3:57  Baneling x4  
  35  3:59  Baneling x5  
  35  4:01  Overlord  
  35  4:04  Overlord  
Show
View Real Time Build Order
Export as new Build Order

wabbajack Terran 

Build Orders:  

Get SALT Encoding   

  12  0:01  SCV  
  13  0:13  SCV  
  14  0:20  Supply Depot  
  14  0:25  SCV  
  15  0:28  Refinery  
  15  0:42  SCV  
  16  0:47  Barracks  
  16  0:55  SCV  
  17  1:07  SCV  
  18  1:19  SCV  
  19  1:31  SCV  
  20  1:41  Marine  
  20  1:46  Factory  
  21  1:50  Refinery, Orbital Command  
  21  2:05  Command Center  
  21  2:20  Bunker  
  21  2:24  Supply Depot  
  21  2:27  SCV  
  22  2:34  Barracks Reactor  
  22  2:45  SCV  
  22  2:50  Factory Tech Lab  
  23  2:55  Starport  
  23  3:08  Factory, Engineering Bay  
  23  3:12  Marine x2  
  25  3:18  Siege Tank  
  28  3:22  SCV  
  29  3:31  Marine  
  30  3:34  SCV  
  30  3:36  Starport Tech Lab  
  31  3:55  Factory Reactor  
  31  4:01  Orbital Command  
  31  4:16  Supply Depot  
Tags
 
Add a new tag
Caveats
  • Supply blocks, unpowered buildings, or Contaminate may cause inaccurate times.
  • Supply counts are checked every 10 seconds.